[Event "Mistrovství Čech mládeže 2023 - HD12"]
[Site "Harrachov, Czech Republic"]
[Date "2023.10.26"]
[Round "7.17"]
[White "Vorlík, Jáchym"]
[Black "Ličková, Anna"]
[Result "0-1"]
[TimeControl "90m + 30s"]
[WhiteElo "1210"]
[BlackElo "1366"]

1. e4 e5 2. Nf3 Nc6 3. Bc4 Bc5 4. c3 Nf6 5. d4 exd4 6. O-O d6 7. cxd4 Bb6 8. d5 Ne7 9. Nc3 Ng6 10.
h3 O-O 11. Re1 Re8 12. Qd3 Bd7 13. Be3 Nh5 14. Bg5 f6 15. Bd2 Nhf4 16. Qc2 Qe7 17. Qc1 Ne5 18. Nxe5 fxe5 19. Rf1 Nxh3+ 20. gxh3 Bxh3 21. Re1 Qh4 0-1

[Event "Mistrovství Čech mládeže 2023 - HD12"]
[Site "Harrachov, Czech Republic"]
[Date "2023.10.26"]
[Round "7.18"]
[White "Kůsová, Nikola"]
[Black "Mauric, Jan"]
[Result "0-1"]
[TimeControl "90m + 30s"]
[WhiteElo "1324"]
[BlackElo "1260"]

1. e4 e6 2. d4 b6 3. Nc3 Bb7 4. Bd3 Bb4 5. Bd2 f5 6. Nge2 Ne7 7. a3 Bxc3 8. Nxc3 Nbc6 9. Be3 O-O 10.
f3 fxe4 11. fxe4 Ng6 12. Qd2 e5 13. d5 Nd4 14. Bc4 Qh4+ 15. Bf2 Rxf2 16. Qxf2 Nxc2+ 17. Ke2 Qxf2+ 18. Kxf2 Nxa1 19. Rxa1 Kf8 20.
Ke3 Ke7 21. Rf1 a6 22. Rf3 Rf8 23. Rg3 d6 24. Be2 Bc8 25. h4 Rf7 26. Bh5 Rf6 27. Be2 Kf8 28. h5 Nf4 29. Bf3 Bd7 30.
a4 Be8 31. b3 Bxh5 32. Bxh5 Nxh5 33. Rf3 Rxf3+ 34. Kxf3 Nf4 35. g3 Nd3 36. Ke3 Nc5 37. b4 Nb3 38. Ne2 a5 39. b5 Nc5 40.
Nc3 Kf7 41. Kf3 h5 42. Kg2 g5 43. Kh3 g4+ 44. Kh4 Kg6 45. Ne2 Nxa4 46. Nc3 Nc5 47. Na4 Nxe4 48. Nc3 Kf5 0-1

[Event "Mistrovství Čech mládeže 2023 - HD12"]
[Site "Harrachov, Czech Republic"]
[Date "2023.10.26"]
[Round "7.19"]
[White "Sehnoutka, Vít"]
[Black "Ježek, Jiří"]
[Result "0-1"]
[TimeControl "90m + 30s"]
[WhiteElo "1041"]
[BlackElo "1392"]

1. d4 Nf6 2. Bf4 d5 3. e3 c5 4. Nf3 Nc6 5. c3 Bf5 6. Nbd2 e6 7. Ne5 Qb6 8. Qb3 c4 9. Qxb6 axb6 10.
Ndf3 Be7 11. Be2 O-O 12. O-O h6 13. b3 b5 14. h3 Ra3 15. Rfd1 Rfa8 16. bxc4 bxc4 17. Rd2 Na5 18. Rc1 Nc6 19.
Rb2 Na5 20. Kh2 Ne4 21. Bd1 Rxc3 22. Rxc3 Nxc3 23. Bc2 Ba3 0-1

[Event "Mistrovství Čech mládeže 2023 - HD12"]
[Site "Harrachov, Czech Republic"]
[Date "2023.10.26"]
[Round "7.20"]
[White "Zelenka, Tomáš"]
[Black "Kammová, Natálie"]
[Result "1-0"]
[TimeControl "90m + 30s"]
[WhiteElo "1281"]
[BlackElo "1045"]

1. e4 c6 2. c4 d5 3. exd5 cxd5 4. cxd5 Nf6 5. Nc3 Nxd5 6. d4 Bf5 7. Nxd5 Qxd5 8. Nf3 e6 9. Bf4 Be7 10.
Bxb8 Rxb8 11. Qa4+ b5 12. Qxa7 Qe4+ 13. Be2 Bb4+ 14. Nd2 O-O 15. a3 Ra8 16. Qc7 Rfc8 17. Qe5 Qc2 18. Rd1 Ba5 19.
Qxb5 Rcb8 20. Qc5 Qxb2 21. Qc1 Qxd4 22. O-O Rc8 23. Nc4 Qf6 24. Qe3 Rc6 25. Bf3 Rxc4 26. Bxa8 Rc3 27. Qa7 Bd8 28.
Qb8 Rd3 29. Rxd3 h6 30. Qxd8+ 1-0

[Event "Mistrovství Čech mládeže 2023 - HD12"]
[Site "Harrachov, Czech Republic"]
[Date "2023.10.26"]
[Round "7.21"]
[White "Remizov, Artem"]
[Black "Topenčíková, Ellen"]
[Result "1-0"]
[TimeControl "90m + 30s"]
[WhiteElo "1259"]
[BlackElo "1018"]

1. e4 c6 2. Nf3 d5 3. d3 dxe4 4.
dxe4 Qxd1+ 5. Kxd1 Bg4 6. Be2 e6 7. h3 Bxf3 8. Bxf3 e5 9. Nc3 Bc5 10. Be3 Bxe3 11. fxe3 Nf6 12. Ke2 O-O 13.
Rad1 Nbd7 14. Rd2 Rad8 15. Rhd1 Rfe8 16. Na4 Re7 17. Bg4 h5 18. Bxd7 Rexd7 19. Nc5 Rxd2+ 20. Rxd2 Rxd2+ 21. Kxd2 b6 22.
Nd3 Nxe4+ 23. Ke2 Kf8 24. Nxe5 c5 25. Nc6 a5 26. Ne5 Ke7 27. Nc4 b5 28. Nxa5 c4 29. Nc6+ Kd6 30. Nd4 Kc5 31.
Nf3 c3 32. b3 g5 33. Kd3 Kd5 34. a4 b4 35. a5 f5 36. Nd4 Nc5+ 37. Ke2 g4 38. Nxf5 gxh3 39. gxh3 Ke5 40. Nd4 Kd5 41.
Kf3 Ke5 42. Nc6+ 1-0

[Event "Mistrovství Čech mládeže 2023 - HD12"]
[Site "Harrachov, Czech Republic"]
[Date "2023.10.27"]
[Round "8.1"]
[White "Artamonov, Mikhail"]
[Black "Málek, Daniel"]
[Result "1-0"]
[TimeControl "90m + 30s"]
[WhiteElo "1458"]
[BlackElo "1404"]

1. e4 e5 2. Nf3 Nc6 3. d4 exd4 4. Nxd4 Bc5 5. Nb3 Bb6 6. Nc3 Nge7 7. Bc4 O-O 8. Bg5 Qe8 9. h4 Ne5 10.
Be2 f6 11. Bf4 d6 12. Bg3 Qg6 13. Bh5 Qh6 14. f4 N5c6 15. Qe2 f5 16. O-O-O a5 17. a4 Be6 18. Bf3 Bxb3 19. cxb3 Nd4 20.
Rxd4 Bxd4 21. Qc4+ Kh8 22. Qxd4 Rae8 23. e5 dxe5 24. Qxe5 Qd6 25. Qxd6 cxd6 26. Rd1 Rf6 27. Nb5 d5 28.
Re1 h6 29. Kb1 Rg6 30. Bf2 Kg8 31. Nc7 Rc8 32. Rxe7 Kf8 33. Nxd5 Rgc6 34. Re1 Rc2 35. Be3 Re8 1-0

[Event "Mistrovství Čech mládeže 2023 - HD12"]
[Site "Harrachov, Czech Republic"]
[Date "2023.10.27"]
[Round "8.2"]
[White "Janoušková, Eliška"]
[Black "Honcharov, Makar"]
[Result "0-1"]
[TimeControl "90m + 30s"]
[WhiteElo "1385"]
[BlackElo "1872"]

1. d4 Nf6 2. c4 g6 3. Nf3 Bg7 4. Nc3 d6 5. e4 O-O 6. Be2 e5 7. dxe5 dxe5 8. Qxd8 Rxd8 9. Bg5 Re8 10.
Nd5 Nxd5 11. cxd5 f5 12. exf5 gxf5 13. Bc1 h6 14. O-O Kh7 15. Re1 Bf6 16. Bc4 Bd7 17. Rb1 a5 18. b3 e4 19.
Nd2 b5 20. Bf1 Bc3 21. Rd1 Re5 22. Bb2 Bxb2 23. Rxb2 Rxd5 24. Rc1 Na6 25. Rc3 Re8 26. Be2 Nc5 27. Nf1 b4 28. Rcc2 f4 29.
Rb1 f3 30. gxf3 exf3 31. Bxf3 Rg5+ 32. Ng3 Bf5 33. Rxc5 Bxb1 34. Rxc7+ Rg7 35. Rc5 Ra7 36. Kg2 Bxa2 37. Be4+ Kh8 38.
Bc2 a4 39. bxa4 b3 40. Bg6 Rg8 41. Bd3 b2 42. Rb5 Rb7 43. Rxb7 Bd5+ 44. Kf1 Bxb7 45. Ne4 Ba6 0-1

[Event "Mistrovství Čech mládeže 2023 - HD12"]
[Site "Harrachov, Czech Republic"]
[Date "2023.10.27"]
[Round "8.3"]
[White "Zrůst, Lukáš"]
[Black "Trejbal, Jindřich"]
[Result "0-1"]
[TimeControl "90m + 30s"]
[WhiteElo "1685"]
[BlackElo "1329"]

1. d4 d5 2. c4 c6 3. Nf3 Nf6 4. g3 g6 5. b3 Bg7 6. Bb2 O-O 7. Bg2 Bd7 8. O-O Qc8 9. Re1 Bh3 10.
Bh1 h6 11. Nc3 Na6 12. Rc1 Qf5 13. Ne5 dxc4 14. e4 Qe6 15. Nxc4 Rad8 16. a3 Ng4 17. d5 Qf6 18. Rc2 Rfe8 19.
Ne2 Qxf2# 0-1

[Event "Mistrovství Čech mládeže 2023 - HD12"]
[Site "Harrachov, Czech Republic"]
[Date "2023.10.27"]
[Round "8.4"]
[White "Gernert, Tomáš"]
[Black "Zischka, Vít"]
[Result "1-0"]
[TimeControl "90m + 30s"]
[WhiteElo "1389"]
[BlackElo "1274"]

1. c4 e5 2. Nc3 Bb4 3. Nd5 Bc5 4. g3 c6 5. Nc3 Ne7 6. e4 O-O 7. Bg2 d6 8. Nge2 Be6 9. d3 f5 10.
b3 fxe4 11. Nxe4 Bb6 12. O-O h6 13. d4 exd4 14. Nxd4 Bxd4 15. Qxd4 Nf5 16. Qd3 Nd7 17. Ba3 d5 18. cxd5 cxd5 19.
Bxf8 dxe4 20. Qxe4 Nxf8 21. Qxb7 Rc8 1-0

[Event "Mistrovství Čech mládeže 2023 - HD12"]
[Site "Harrachov, Czech Republic"]
[Date "2023.10.27"]
[Round "8.5"]
[White "Šára, David"]
[Black "Černý, Rodan"]
[Result "1/2-1/2"]
[TimeControl "90m + 30s"]
[WhiteElo "1320"]
[BlackElo "1383"]

1. e4 e5 2. Bc4 Nf6 3. d4 d6 4. dxe5 dxe5 5. Qxd8+ Kxd8 6. Bxf7 Nxe4 7. Nf3 Bd6 8. O-O Nf6 9.
Nc3 Ke7 10. Bb3 Nc6 11. Bg5 Be6 12. Nd2 h6 13. Be3 Ng4 14. Nd5+ Kd7 15. Rad1 Raf8 16. Ne4 Nxe3 17. Nxe3 Bxb3 18.
axb3 Ke6 19. Nxd6 cxd6 20. c3 Ne7 21. Rfe1 Rf7 22. Nc4 Nc8 23. f3 Rhf8 1/2-1/2

[Event "Mistrovství Čech mládeže 2023 - HD12"]
[Site "Harrachov, Czech Republic"]
[Date "2023.10.27"]
[Round "8.6"]
[White "Štěpánková, Linda"]
[Black "Lutskiy, Mikhail"]
[Result "0-1"]
[TimeControl "90m + 30s"]
[WhiteElo "1281"]
[BlackElo "1353"]

1. d4 d5 2. e3 Nf6 3. f4 e6 4. Nf3 c5 5. c3 Nc6 6. Bd3 c4 7. Bc2 Bd6 8. O-O O-O 9. Ne5 Nd7 10.
Rf3 f5 11. Rh3 Rf6 12. Qh5 Nf8 13. Nxc6 bxc6 14. Qh4 Be7 15. Nd2 Bd7 16. Nf3 Be8 17. Ne5 Rh6 18. Qf2 Rxh3 19. gxh3 Ng6 20.
Bd2 Nxe5 21. fxe5 Bh4 22. Qg2 Qg5 23. Rf1 Qxg2+ 24. Kxg2 a5 25. Be1 Bg5 26. Bf2 a4 27. Rb1 Be7 28.
a3 Bg6 29. Kf3 Bh5+ 30. Kg3 Kf8 31. Rc1 Ke8 32. h4 Kd8 33. Kf4 g6 34. Kg3 Kc7 35. Kf4 Kb6 36. h3 Ka5 37. Rb1 Be2 38. Bg3 Rb8 39. Re1 Bd3 40. Bxd3 cxd3 41. Rd1 Rxb2 42. Rxd3 Rb3 43. Be1 Bxa3 44. c4+ Ka6 45. Rxb3 axb3 46. Bc3 dxc4 47. e4 b2 48. Bxb2 Bxb2 49. exf5 c3 50. fxe6 c2 51. e7 c1=Q+ 52. Ke4 Qc2+ 53. Ke3 Bc1+ 0-1

[Event "Mistrovství Čech mládeže 2023 - HD12"]
[Site "Harrachov, Czech Republic"]
[Date "2023.10.27"]
[Round "8.7"]
[White "Zika, Miroslav"]
[Black "Havlík, David"]
[Result "0-1"]
[TimeControl "90m + 30s"]
[WhiteElo "1199"]
[BlackElo "1331"]

1. c4 c6 2. d4 d5 3. Nf3 dxc4 4. e4 b5 5. Nc3 Nf6 6. e5 Nd5 7. Ne4 h6 8. a4 Nd7 9. axb5 cxb5 10.
b3 N7b6 11. bxc4 bxc4 12. Bxc4 Nxc4 13. Qa4+ Bd7 14. Qxc4 e6 15. O-O Be7 16. Ba3 O-O 17. Bxe7 Nxe7 18. Rfb1 Bc6 19. Ned2 Bd5 20.
Qd3 Nc6 21. Ne4 Rb8 22. Nd6 Rxb1+ 23. Rxb1 Bxf3 24. gxf3 Qg5+ 25. Kh1 Qg6 26. Ne4 Rd8 27. Rg1 Qf5 28. Nf6+ Kh8 29. Qe3 Ne7 30.
Ng4 Kh7 31. Rg3 Ng6 32. Qa3 Rxd4 33. Qxa7 Qb1+ 34. Kg2 Nf4# 0-1

[Event "Mistrovství Čech mládeže 2023 - HD12"]
[Site "Harrachov, Czech Republic"]
[Date "2023.10.27"]
[Round "8.8"]
[White "Kolář, Edvard"]
[Black "Mrázik, Marek"]
[Result "1-0"]
[TimeControl "90m + 30s"]
[WhiteElo "1473"]
[BlackElo "1159"]

1. e4 e5 2. Nf3 Nf6 3. Nxe5 d6 4. Nf3 Nxe4 5. Bd3 Nf6 6. O-O Be7 7. c3 O-O 8. Na3 Nc6 9. Bb1 Bg4 10.
d4 Bh5 11. Bg5 d5 12. Qd3 Bg6 13. Qe2 Ne4 14. Bxe7 Qxe7 15. Re1 Qd7 16. Bc2 a6 17. Ne5 Nxe5 18. dxe5 Rae8 19. f4 f5 20.
Rad1 Qf7 21. Rxd5 c6 22. Rdd1 Qxa2 23. Nc4 b5 24. Bd3 Bh5 25. Qxh5 bxc4 26. Bxe4 fxe4 27. Rxe4 Qxb2 28. e6 g6 29.
Qh6 Rd8 30. Rde1 Rfe8 31. e7 Rd7 32. Re6 Qc2 33. Rf6 Rdxe7 34. Rxe7 Qd1+ 35. Kf2 Qd2+ 36. Kg3 Qxc3+ 37. Kg4 Qxf6 38.
Rxe8+ 1-0

[Event "Mistrovství Čech mládeže 2023 - HD12"]
[Site "Harrachov, Czech Republic"]
[Date "2023.10.27"]
[Round "8.9"]
[White "Bukovskij, Dmitri"]
[Black "Koupil, Štěpán"]
[Result "1-0"]
[TimeControl "90m + 30s"]
[WhiteElo "1391"]
[BlackElo "1467"]

1. d4 d5 2. c4 e6 3. cxd5 exd5 4. Nc3 Nf6 5. Bg5 c6 6. e3 Be7 7. Nf3 O-O 8. Qc2 Be6 9. Bd3 Nbd7 10.
Ne5 h6 11. Nxd7 Qxd7 12. Bxf6 Bxf6 13. O-O Rac8 14. f4 Qe7 15. Ne2 c5 16. Qa4 1-0

[Event "Mistrovství Čech mládeže 2023 - HD12"]
[Site "Harrachov, Czech Republic"]
[Date "2023.10.27"]
[Round "8.10"]
[White "Ličková, Anna"]
[Black "Kroulík, Štěpán"]
[Result "0-1"]
[TimeControl "90m + 30s"]
[WhiteElo "1366"]
[BlackElo "1454"]

1. e4 c5 2. Nf3 e6 3. d4 cxd4 4. Nxd4 a6 5. Nc3 Qc7 6. Be2 Nc6 7. O-O Nf6 8. Be3 Bb4 9. Nxc6 Qxc6 10.
e5 Bxc3 11. bxc3 Nd5 12. Bf3 Nxe3 13. Bxc6 Nxd1 14. Bf3 Nxc3 15. a3 Ke7 16. Rfe1 Rb8 17. Re3 Na4 18. Re4 b5 19. Rd4 Bb7 20.
Rad1 Rhd8 21. Bg4 f5 22. exf6+ gxf6 23. Re1 Rdc8 24. Red1 Bd5 25. Re1 Nc3 26. Rd3 Rc4 27. h3 Rbc8 28.
Ree3 Be4 29. Rd2 Nd5 30. Re1 f5 31. Bd1 Nf4 32. f3 Bxc2 33. Bxc2 Rxc2 34. Red1 Rxd2 35. Rxd2 Rc1+ 36. Kf2 Ra1 37.
Ke3 e5 38. Kf2 Rxa3 39. h4 b4 40. g3 Ne6 41. Rb2 b3 42. Ke3 a5 43. Kd3 a4 44. Kc3 d5 45. Kb4 Ra2 46. Rb1 Nd4 47.
Kc5 Nxf3 48. Kxd5 b2 49. h5 Nd2 50. Rxb2 Rxb2 51. Kxe5 a3 52. Kxf5 a2 53. Kg5 a1=Q 54. g4 Rb5+ 55.
Kf4 Qd4+ 56. Kg3 Rb3+ 57. Kg2 Ne4 58. g5 Qf2+ 59. Kh1 Ng3# 0-1

[Event "Mistrovství Čech mládeže 2023 - HD12"]
[Site "Harrachov, Czech Republic"]
[Date "2023.10.27"]
[Round "8.11"]
[White "Mauric, Jan"]
[Black "Rendl, Luboš"]
[Result "1-0"]
[TimeControl "90m + 30s"]
[WhiteElo "1260"]
[BlackElo "1420"]

1. e4 c6 2. d4 d5 3. exd5 cxd5 4. Bd3 Nf6 5. Nc3 Nc6 6. Nge2 Bg4 7. f3 Bh5 8. Bf4 a6 9. O-O e6 10.
a3 Bg6 11. Rb1 Bd6 12. Bxd6 Qxd6 13. b4 O-O 14. Bxg6 hxg6 15. Ng3 Qf4 16. Nce2 Qe3+ 17. Kh1 Qxa3 18. Rb3 Qxb3 19. cxb3 Nxb4 20.
Qd2 a5 21. h3 Rfc8 22. Rc1 Kf8 23. Rxc8+ Rxc8 24. Nc3 Nd7 25. Nge2 Rc6 26. Qb2 b6 27. Qa3 Ke8 28. Qa4 Nb8 29.
Na2 Nd3 30. b4 axb4 31. Nxb4 Nxb4 32. Qxb4 Nd7 33. Qa4 Rc7 34. Qa8+ Ke7 35. Qh8 Nf6 36. Qxg7 Nh5 37. Qe5 Rc2 38.
Kg1 b5 39. Kf1 b4 40. Qb8 Rb2 41. Ke1 Ng7 42. Qa7+ Kf6 43. Qa1 Rb3 44. Qa2 Re3 45. Qb2 Nh5 46. Kf2 Ra3 47. Qxb4 Ra2 48. Qb3 Rd2 49. Ke3 Rxe2+ 50. Kxe2 Nf4+ 51. Kf2 Nxh3+ 52. gxh3 1-0

[Event "Mistrovství Čech mládeže 2023 - HD12"]
[Site "Harrachov, Czech Republic"]
[Date "2023.10.27"]
[Round "8.12"]
[White "Školoud, Natanael"]
[Black "Frantsev, Iegor"]
[Result "0-1"]
[TimeControl "90m + 30s"]
[WhiteElo "1193"]
[BlackElo "1397"]

1. e4 c6 2. d4 d5 3.
exd5 cxd5 4. c4 Nf6 5. Nc3 Nc6 6. Nf3 Bg4 7. Be2 e6 8. O-O Be7 9. Bf4 O-O 10. cxd5 Nxd5 11. Be3 Bf6 12.
Ne4 h6 13. Qd2 Bf5 14. Nxf6+ Qxf6 15. Bf4 Rfd8 16. Be5 Nxe5 17. Nxe5 Nb6 18. Rfd1 Rac8 19. Rac1 Rxc1 20. Qxc1 Rc8 21.
Qe3 Rc2 22. Rd2 Nd5 23. Rxc2 Nxe3 24. Rc8+ Kh7 25. fxe3 Qe7 26. Bf3 f6 27. Ng4 e5 28. Rb8 Bxg4 29. Bxg4 exd4 30. Bf3 Qxe3+ 31. Kf1 Qc1+ 32. Ke2 Qxb2+ 33. Kd1 Qa1+ 34. Kd2 Qxa2+ 35. Kd3 Qa6+ 36. Kd2 Qa5+ 37. Ke2 Qe5+ 38. Kd3 Qxb8 39. Be4+ g6 40. Kxd4 Qe5+ 41. Kd3 Qxh2 42.
Ke3 b5 43. Kf3 f5 44. Bd3 b4 45. Ke3 Qg3+ 46. Ke2 b3 47. Kf1 Qxd3+ 48. Kg1 b2 49. Kh2 b1=N 50. g3 Qf3 51. Kg1 Qe2 52.
g4 Nc3 53. gxf5 Ne4 54. Kh1 Qf2 55. fxg6+ Kg8 56. g7 Ng3# 0-1

[Event "Mistrovství Čech mládeže 2023 - HD12"]
[Site "Harrachov, Czech Republic"]
[Date "2023.10.27"]
[Round "8.13"]
[White "Kubát, Jonáš"]
[Black "Remizov, Artem"]
[Result "0-1"]
[TimeControl "90m + 30s"]
[WhiteElo "1423"]
[BlackElo "1259"]

1. e4 e5 2. Nc3 Nf6 3. f4 d6 4. Bc4 Nc6 5. Nf3 Bg4 6. O-O Nd4 7. d3 Nxf3+ 8. gxf3 Bh3 9. Re1 exf4 10.
e5 Nh5 11. exd6+ Kd7 12. Bxf7 Qg5+ 0-1

[Event "Mistrovství Čech mládeže 2023 - HD12"]
[Site "Harrachov, Czech Republic"]
[Date "2023.10.27"]
[Round "8.14"]
[White "Ježek, Jiří"]
[Black "Ta, Xuan Nguyen"]
[Result "0-1"]
[TimeControl "90m + 30s"]
[WhiteElo "1392"]
[BlackElo "1252"]

1. d4 d5 2. c4 c6 3. Nc3 Nf6 4.
Bg5 dxc4 5. e4 b5 6. a3 Bb7 7. Bxf6 exf6 8. d5 Nd7 9. Nf3 a6 10. Be2 Bc5 11. O-O Qb6 12. a4 Ne5 13.
Nxe5 fxe5 14. Qc2 O-O 15. Rad1 Bd4 16. Bf3 Rac8 17. dxc6 Bxc6 18. axb5 axb5 19. Ra1 Rfd8 20. Rfd1 b4 21.
Na4 Qb5 22. Be2 Be8 23. Qb1 Ra8 24. b3 Bxa1 25. Qxa1 Rdc8 26. Qb1 Rxa4 27. bxa4 Qxa4 28. Rc1 c3 29. Qd3 Qa3 30. Rc2 Qa1+ 31.
Bd1 b3 32. Re2 Bb5 0-1

[Event "Mistrovství Čech mládeže 2023 - HD12"]
[Site "Harrachov, Czech Republic"]
[Date "2023.10.27"]
[Round "8.15"]
[White "Zeman, Jonáš"]
[Black "Křivka, Lukáš"]
[Result "1/2-1/2"]
[TimeControl "90m + 30s"]
[WhiteElo "1216"]
[BlackElo "1386"]

1. e4 c6 2. Nf3 d5 3. Nc3 Bg4 4. h3 Bxf3 5. Qxf3 e6 6. d3 d4 7. Ne2 e5 8. Bd2 Qb6 9. O-O-O Nd7 10.
Qg3 c5 11. f4 Qg6 12. Qh2 Qe6 13. Kb1 Bd6 14. f5 Qe7 15. g4 O-O-O 16. h4 Qe8 17. g5 f6 18. Ng3 Nb6 19. h5 Ne7 20.
h6 Qf7 21. hxg7 Qxg7 22. Nh5 Qf7 23. gxf6 Ng8 24. Bg5 Nd7 25. Be2 Ngxf6 26. Nxf6 Nxf6 27. Qh4 Rdf8 28. Bxf6 Qxf6 29. Qxf6 Rxf6 30.
a3 Be7 31. Rh2 h6 32. Bh5 Rff8 33. Bg6 Bg5 34. b4 cxb4 35. axb4 Be7 36. Rdh1 Bg5 37. Kb2 Rf6 38. Ra1 a6 39.
Kb3 1/2-1/2

[Event "Mistrovství Čech mládeže 2023 - HD12"]
[Site "Harrachov, Czech Republic"]
[Date "2023.10.27"]
[Round "8.16"]
[White "Slonek, Richard"]
[Black "Fadrný, Jáchym"]
[Result "0-1"]
[TimeControl "90m + 30s"]
[WhiteElo "1128"]
[BlackElo "1365"]

1. e4 c5 2. d4 cxd4 3. c3 d3 4. Bxd3 Nc6 5. Nf3 d6 6. Nbd2 Nf6 7. Nf1 g6 8. Bg5 Bg7 9. Qd2 O-O 10.
O-O-O Be6 11. Kb1 Nd7 12. h4 Nde5 13. Nxe5 Nxe5 14. f4 Nxd3 15. Qxd3 Bg4 16. f5 Bxd1 17. Qxd1 Rc8 18. Qd5 Qd7 19.
Ne3 Rc5 20. Qd3 Rfc8 21. Nd5 Re8 22. f6 exf6 23. Bxf6 Rxd5 24. Qxd5 Bxf6 25. h5 Qe7 26. hxg6 hxg6 27. Rd1 Qxe4+ 28. Qxe4 Rxe4 29. Rxd6 Kg7 30. Rd7 Re7 31. Rd2 Kh6 32. Kc2 Kg5 33. Kb3 Kg4 34. Kc4 Kg3 35. b4 Rc7+ 36. Kb5 Bxc3 37.
Re2 f5 38. a4 g5 39. a5 f4 40. Ka4 f3 41. gxf3 Kxf3 42. Re8 g4 43. Ra8 Bd4 44. b5 b6 45. Rf8+ Kg3 46. Rd8 Bf2 47.
Rf8 Kg2 48. Rh8 g3 49. Rh5 Kf1 50. Rh1+ Bg1 51. Rh3 Bh2 52. axb6 axb6 53. Rh6 g2 54. Rxh2 g1=Q 55. Rb2 Qd4+ 56. Rb4 Ra7+ 57. Kb3 Qd3+ 58.
Kb2 Qa3+ 59. Kb1 Qxb4+ 0-1

[Event "Mistrovství Čech mládeže 2023 - HD12"]
[Site "Harrachov, Czech Republic"]
[Date "2023.10.27"]
[Round "8.17"]
[White "Vlček, Vítězslav"]
[Black "Hokr, Matyáš"]
[Result "0-1"]
[TimeControl "90m + 30s"]
[WhiteElo "1120"]
[BlackElo "1352"]

1. d4 Nf6 2. c4 e6 3. Nc3 d5 4. e3 Bb4 5. Bd2 c6 6. Nf3 Nbd7 7. Bd3 O-O 8. O-O Bxc3 9. Bxc3 Re8 10.
Rc1 Rb8 11. c5 b6 12. cxb6 axb6 13. Bb4 c5 14. dxc5 bxc5 15. Bxc5 Nxc5 16. Rxc5 Rxb2 17. Rc2 Qb6 18. Rxb2 Qxb2 19.
Qc2 Qxc2 20. Bxc2 Ba6 21. Rb1 Bc4 22. Bb3 Rb8 23. Nd2 Bxb3 24. Nxb3 Kf8 25. Kf1 Ne4 26. Rc1 Ra8 27. Rc2 Ke7 28.
f3 Nd6 29. Ke2 Nb5 30. Nd4 Rxa2 31. Rxa2 Nc3+ 32. Kd2 Nxa2 33. f4 Nb4 34. g4 Na6 35. g5 Nc5 36. Nc6+ Kd6 37. Ne5 Ne4+ 38.
Kd3 Nxg5 39. h4 f6 40. Ng4 Nf7 41. h5 e5 42. Nf2 Ke6 43. Nh3 Kf5 44. Nf2 exf4 45. exf4 Nd8 46. Kd4 Ne6+ 47.
Kxd5 Nxf4+ 0-1

[Event "Mistrovství Čech mládeže 2023 - HD12"]
[Site "Harrachov, Czech Republic"]
[Date "2023.10.27"]
[Round "8.18"]
[White "Vo, Daniel"]
[Black "Grosser, Filip"]
[Result "1-0"]
[TimeControl "90m + 30s"]
[WhiteElo "1341"]
[BlackElo "1050"]

1. e4 e5 2. Nf3 Nc6 3. Bc4 Bc5 4. c3 Nf6 5. d4 exd4 6. cxd4 Bb4+ 7. Nc3 O-O 8. Bg5 Qe7 9. O-O h6 10.
Bxf6 Qxf6 11. Nd5 Qd8 12. a3 Be7 13. b4 d6 14. Re1 Bg4 15. Be2 Re8 16. Ne3 Bh5 17. b5 Nb8 18. Nf5 Bf6 19.
Qc2 Nd7 20. Rad1 Kh7 21. e5 Be7 22. Nxe7+ Kh8 23. Nd5 Bg6 24. Qxc7 1-0

[Event "Mistrovství Čech mládeže 2023 - HD12"]
[Site "Harrachov, Czech Republic"]
[Date "2023.10.27"]
[Round "8.21"]
[White "Koutecká, Magdalena"]
[Black "Kůsová, Nikola"]
[Result "0-1"]
[TimeControl "90m + 30s"]
[WhiteElo "1123"]
[BlackElo "1324"]

1. e4 c5 2. d4 cxd4 3. c3 Nf6 4.
e5 Nd5 5. cxd4 d6 6. Nf3 Nc6 7. Bc4 Nb6 8. Bb3 dxe5 9. dxe5 Qxd1+ 10. Bxd1 Bf5 11. Bf4 e6 12. O-O Bc5 13. Nc3 O-O 14.
Bb3 Rfd8 15. Rac1 Be7 16. Rfd1 a6 17. Na4 Nd7 18. a3 Na5 19. Ba2 b5 20. Nc3 Nb6 21. Be3 Nbc4 22. Bxc4 Nxc4 23.
Rxd8+ Rxd8 24. Bd4 Nxb2 25. Nxb5 Nd3 26. Rc7 Kf8 27. Nc3 Bxa3 28. Ra7 Nb4 29. Bc5+ Kg8 30. Bd6 Rc8 31. h3 h6 32.
Ne2 Bd3 33. Nf4 Bb5 34. Bxb4 Bxb4 35. Rb7 Bc5 36. Nh5 Bc6 37. Rb3 Bxf3 38. Rxf3 Ra8 39. Rc3 Bd4 40. Ra3 Bxe5 41. Ra5 Bc3 42.
Ra3 Bb4 43. Ra4 a5 44. Kf1 Rc8 45. Ke2 Rc2+ 46. Kf3 Rc3+ 47. Kg4 f5+ 48. Kf4 Bd6# 0-1

[Event "Mistrovství Čech mládeže 2023 - HD12"]
[Site "Harrachov, Czech Republic"]
[Date "2023.10.28"]
[Round "9.1"]
[White "Honcharov, Makar"]
[Black "Artamonov, Mikhail"]
[Result "1/2-1/2"]
[TimeControl "90m + 30s"]
[WhiteElo "1872"]
[BlackElo "1458"]

1. e4 c5 2. Nf3 Nc6 3. d4 cxd4 4. Nxd4 Nf6 5. Nc3 g6 6. Be3 Bg7 7. Bc4 Qa5 8. O-O O-O 9. Bb3 d6 10.
h3 Bd7 11. f4 Nxd4 12. Bxd4 Bc6 13. Qe1 Qb4 14. Bxf6 Bxf6 15. Nd5 Qc5+ 16. Kh1 Bxb2 17. Nxe7+ Kh8 18. Nxc6 bxc6 19. Rd1 Rae8 20.
Qe2 f5 21. e5 dxe5 22. c3 Bxc3 23. Rc1 Qb4 24. Qd3 Bd4 25. Rc4 Qb6 1/2-1/2

[Event "Mistrovství Čech mládeže 2023 - HD12"]
[Site "Harrachov, Czech Republic"]
[Date "2023.10.28"]
[Round "9.2"]
[White "Málek, Daniel"]
[Black "Havlík, David"]
[Result "0-1"]
[TimeControl "90m + 30s"]
[WhiteElo "1404"]
[BlackElo "1331"]

1. e4 c5 2. Nf3 e6 3. c4 Nc6 4. d4 cxd4 5. Nxd4 Nf6 6. Nxc6 bxc6 7. Bg5 Qa5+ 8. Qd2 Bb4 9. Nc3 Nxe4 10.
Qe3 Nxg5 11. Be2 Bxc3+ 12. bxc3 h6 13. O-O Nh7 14. Qg3 O-O 15. Bd3 Qg5 16. Qd6 f5 17. f4 Qg6 18. c5 Nf6 19.
Rab1 Ne4 20. Bxe4 fxe4 21. f5 Qe8 22. fxe6 Rxf1+ 23. Rxf1 dxe6 24. Rd1 e5 25. Qd8 Qxd8 26. Rxd8+ Kf7 27.
Rd6 Be6 28. Rxc6 Rc8 29. Rxc8 Bxc8 30. Kf2 Bb7 0-1

[Event "Mistrovství Čech mládeže 2023 - HD12"]
[Site "Harrachov, Czech Republic"]
[Date "2023.10.28"]
[Round "9.3"]
[White "Lutskiy, Mikhail"]
[Black "Gernert, Tomáš"]
[Result "1-0"]
[TimeControl "90m + 30s"]
[WhiteElo "1353"]
[BlackElo "1389"]

1. e4 c5 2. Nf3 Nc6 3. Bb5 e6 4. Bxc6 bxc6 5. d3 d6 6. O-O e5 7. h3 f5 8. Bg5 Nf6 9. Nc3 Be7 10.
Re1 O-O 11. Bd2 Rb8 12. Rb1 Ne8 13. Qc1 f4 14. Qd1 Nc7 15. a3 a5 16. Ne2 Ne6 17. c4 Ra8 18. Nc1 Nd4 19. Nb3 Nxf3+ 20. Qxf3 a4 21. Nc1 Rf6 22.
Ne2 Qe8 23. Kh1 Rh6 24. Kg1 Qg6 25. Kf1 Rb8 26. Bc3 Rh4 27. Red1 Qh6 28. Ng1 g5 29. Qe2 g4 30. hxg4 Bxg4 31.
f3 Rh1 32. Be1 Qh2 33. Bf2 Bh3 34. gxh3 Bh4 35. Rdc1 Qxh3+ 36. Ke1 Rxg1+ 37. Kd2 Rg2 38. Rg1 Kf7 39. Rxg2 Qxg2 40. Bxh4 Qxe2+ 41. Kxe2 Rb3 42. Bf2 h5 43. Kd2 Ke6 44. Bh4 d5 45. cxd5+ cxd5 46. Kc2 dxe4 47. fxe4 c4 48. Rd1 Kd6 49.
dxc4+ Kc5 50. Rd5+ Kxc4 51. Bf2 Rb5 52. Rxb5 Kxb5 53. Kc3 h4 54. Bxh4 f3 55. Bf2 Kc6 56. Kb4 Kb7 57. Kxa4 Ka6 58.
b4 Kb7 59. b5 Ka8 60. b6 Kb7 61. Ka5 Kb8 62. Ka6 Ka8 63. b7+ Kb8 64. Ba7+ Kc7 65. b8=Q+ 1-0

[Event "Mistrovství Čech mládeže 2023 - HD12"]
[Site "Harrachov, Czech Republic"]
[Date "2023.10.28"]
[Round "9.4"]
[White "Trejbal, Jindřich"]
[Black "Bukovskij, Dmitri"]
[Result "1/2-1/2"]
[TimeControl "90m + 30s"]
[WhiteElo "1329"]
[BlackElo "1391"]

1. e4 c5 2. Nf3 e6 3. d4 cxd4 4. Nxd4 Nf6 5. Nc3 Bb4 6. e5 Nd5 7. Bd2 Bxc3 8. bxc3 Qc7 9. f4 Nxc3 10.
Qf3 Nd5 11. Qa3 a6 12. Nb5 axb5 13. Qxa8 O-O 14. Bd3 b6 15. Qa3 Bb7 16. O-O Nc6 17. Be4 Ra8 18. Qd3 Ncb4 19. Bxb4 Nxb4 20.
Bxh7+ Kf8 21. Qxb5 Nxc2 22. Bxc2 Qxc2 23. Rf2 Qc3 24. Qb2 Qc6 25. Rc1 Qd5 26. Qxb6 Ke8 27. Qb3 Qe4 28. Qf3 Qxf3 29.
gxf3 Ra3 30. Rb1 Bd5 31. h4 Ra4 32. Kh2 Rxf4 33. Kg3 Ra4 34. f4 Ra3+ 35. Kg4 Be4 36. Rb3 Ra4 37. a3 Bf5+ 38.
Kg3 Be4 39. Re2 Bd5 40. Rc3 Ke7 41. Ree3 f6 1/2-1/2

[Event "Mistrovství Čech mládeže 2023 - HD12"]
[Site "Harrachov, Czech Republic"]
[Date "2023.10.28"]
[Round "9.5"]
[White "Černý, Rodan"]
[Black "Kolář, Edvard"]
[Result "1/2-1/2"]
[TimeControl "90m + 30s"]
[WhiteElo "1383"]
[BlackElo "1473"]

1. d4 d5 2. Nf3 Nf6 3. g3 g6 4. Bg2 Bg7 5. O-O O-O 6. h3 c5 7. c4 cxd4 8. Qxd4 Nc6 9. Qc5 e6 10.
cxd5 exd5 11. Rd1 Ne4 12. Qxd5 Qxd5 13. Rxd5 Nb4 14. Rd4 Bxd4 15. Nxd4 f5 16. Bf4 Rd8 17. a3 Rxd4 18. axb4 Rxb4 19. Be5 Rb5 20. Bd4 Be6 21.
Nc3 Nxc3 22. Bxc3 Bd5 23. Bf1 a5 24. e4 Bc6 1/2-1/2